 Dungeon Crawl Stone Soup version 0.29-a0-1023-g6ae1a4a2c7 (webtiles) character file.

Game seed: 8448636660477766286

49 KleinerIrrer the Insei (level 4, -5/36 (38) HPs)
             Began as a Meteoran Monk on Aug 11, 2022.
             Slain by Crazy Yiuf
             ... wielding a +4 quarterstaff of chaos
              (11 damage)
             ... on level 2 of the Dungeon.
             The game lasted 00:03:23 (453 turns).

KleinerIrrer the Insei (Meteoran Monk)               Turns: 453, Time: 00:03:24

HP:   -5/36 (38)    AC:  3    Str: 12    XL:     4   Next: 22%
MP:   5/5           EV: 13    Int: 14    God:
Gold: 47            SH:  0    Dex: 16    Spells: 3/3 levels left

rFire   . . .      SeeInvis .     - Unarmed
rCold   . . .      Faith    .   (no shield)
rNeg    . . .      Spirit   .   a - +0 robe
rPois   .          Reflect  .   (no helmet)
rElec   .          Harm     .   (no cloak)
rCorr   .          Rampage  .   (no gloves)
Will    .....                   l - +0 pair of boots
Stlth   +.........              (no amulet)
HPRegen 0.12/turn               (no ring)
MPRegen 0.09/turn               (no ring)

@: hasted, glowing, drained, very quick
A: sense surroundings 1, otherworldly, glowing, explore regen
a: no special abilities


You were on level 2 of the Dungeon.
You visited 1 branch of the dungeon, and saw 2 of its levels.

You collected 83 gold pieces.
You spent 36 gold pieces at shops.

Inventory:

Missiles
 g - 4 javelins (quivered)
Armour
 a - a +0 robe (worn)
 l - a +0 pair of boots (worn)
Scrolls
 c - a scroll of vulnerability {unknown}
 f - a scroll of identify {unknown}
 h - a scroll of immolation {unknown}
 k - a scroll of brand weapon {unknown}
Potions
 b - a potion of ambrosia
 e - a potion of cancellation {unknown}
 i - a potion of resistance {unknown}
 j - a potion of attraction {unknown}
 m - 2 potions of curing {unknown}


   Skills:
 - Level 3.2 Fighting
 - Level 3.6 Dodging
 - Level 1.4 Stealth
 + Level 5.6 Unarmed Combat


You had 3 spell levels left.
You didn't know any spells.
Your spell library contained the following spells:

 Spells                   Type           Power      Damage    Failure   Level
 Animate Dead             Necr           0%         N/A       96%         4
 Haunt                    Necr/Summ      0%         N/A       100%        7
 Infestation              Necr           0%         N/A       100%        8


Dungeon Overview and Level Annotations

Branches:
Dungeon (2/15) Zot: 774

Altars:

Shops:
D:1 =!=

Annotations:
D:2 Crazy Yiuf


Innate Abilities, Weirdness & Mutations

You passively map a small area around you.
You are easily found by Zot.
You glow in the dark.
You regain HP and MP as you explore.


Message History

Jessica gestures wildly while chanting.
Jessica seems to speed up.
You hit Jessica.
You kill Jessica!
Your Unarmed Combat skill increases to level 5!
You have reached level 4!
Things that are here:
a +0 club; a +0 robe; the human corpse of Jessica
Found a hammer.
Found a runed translucent door.
Crazy Yiuf shouts!
Crazy Yiuf says, "Cards agre horse!"
You feel yourself speed up.
You open the door. You hit Crazy Yiuf but do no damage. You hit Crazy Yiuf.
You punch Crazy Yiuf, but do no damage.
Crazy Yiuf is lightly wounded.
Crazy Yiuf barely misses you.
You hit Crazy Yiuf but do no damage.
Crazy Yiuf is lightly wounded.
Crazy Yiuf hits you with a +4 quarterstaff of chaos!
Crazy Yiuf freezes you.
You hit Crazy Yiuf.
Crazy Yiuf is moderately wounded.
You hit Crazy Yiuf.
Crazy Yiuf is heavily wounded.
Crazy Yiuf cries, "Papa illywillydillykilly hand!"
Crazy Yiuf hits you with a +4 quarterstaff of chaos!
You feel drained.
You hit Crazy Yiuf.
Crazy Yiuf is heavily wounded.
You barely miss Crazy Yiuf.
Crazy Yiuf is heavily wounded.
Crazy Yiuf hits you with a +4 quarterstaff of chaos!
* * * LOW HITPOINT WARNING * * *
Crazy Yiuf burns you.
* * * LOW HITPOINT WARNING * * *
You closely miss Crazy Yiuf.
Crazy Yiuf is heavily wounded.
Crazy Yiuf hits you with a +4 quarterstaff of chaos!
You die...

.## *** , .##### ,, *
* * * ....... ** *
.....#.. .......## *
........# .......#####
### .........#.##
###..)#
.........)..####@g...#
.............#..##...#
.......#.#..#.### ###
.......########
.......# .......#
.......# .......#
......##


You could see Crazy Yiuf.

Vanquished Creatures
  Jessica (D:2)
  An adder (D:2)
  A dart slug (D:1)
  3 ball pythons (D:1)
  A giant cockroach (D:1)
  2 hobgoblins (D:1)
  2 bats (D:1)
  2 frilled lizards
  2 rats (D:1)
15 creatures vanquished.

Notes
Turn   | Place    | Note
-------+----------+-------------------------------------------
     0 | D:1      | KleinerIrrer the Meteoran Monk began the quest for the Orb.
     0 | D:1      | Reached XP level 1. HP: 19/19 MP: 2/2
     7 | D:1      | Found Luepatok's Jewellery Shoppe.
    38 | D:1      | Reached skill level 4 in Unarmed Combat
    42 | D:1      | Reached XP level 2. HP: 25/26 MP: 3/3
   112 | D:1      | Found Riorarer's Jewellery Shop.
   283 | D:1      | Found Lopnask's Distillery.
   291 | D:1      | Bought a potion of lignification for 36 gold pieces
   363 | D:2      | Reached XP level 3. HP: 29/31 MP: 4/4
   415 | D:2      | Noticed Jessica
   435 | D:2      | Killed Jessica
   436 | D:2      | Reached skill level 5 in Unarmed Combat
   436 | D:2      | Reached XP level 4. HP: 35/38 MP: 5/5
   440 | D:2      | Found a runed translucent door.
   441 | D:2      | Noticed Crazy Yiuf
   453 | D:2      | Slain by Crazy Yiuf

Illustrated notes

Levels and vault maps discovered:
D:1:      shiori_shiawase, layout_rooms, serial_shops, shop, shop, shop,
          amethyst_killhole
D:2:      minmay_alternating_diamond, layout_rooms,
          shapermc_ecumenical_altar_starsandcircs,
          chequers_serial_rivers_micro_c, uniq_crazy_yiuf_cottage, uniq_jessica

Skill      XL: |  1  2  3 |
---------------+----------+-----
Unarmed Combat | 4 5 |  5.6
Fighting       | |  3.2
Dodging        | |  3.6
Stealth        | |  1.4

Action                   |  1- 3 |  4- 6 || total
-------------------------+-------+-------++-------
Melee: Unarmed           |    56 |     8 ||    64
       Punch             |       |     1 ||     1
  Use: Potion            |     2 |     1 ||     3
Armor: Robe              |     7 |       ||     7
       Skin              |     3 |       ||     3
Dodge: Dodged            |    22 |     1 ||    23

Table legend: (Time is in decaauts)
 A = Elapsed time spent in this place.
 B = Non-inter-level travel time spent in this place.
 C = Inter-level travel time spent in this place.
 D = Time resting spent in this place.
 E = Time spent auto-exploring this place.
 F = Levels seen in this place.
 G = Mean time per level.
                   A        B        C        D        E       F      G
               +--------+--------+--------+--------+--------+-----+--------+
         Total |    425 |    162 |    263 |     15 |      0 |   2 |  212.5 |
       Dungeon |    425 |    162 |    263 |     15 |      0 |   2 |  212.5 |
               +--------+--------+--------+--------+--------+-----+--------+

Top non-repeatable levels by time:
     D:1: 332 daAuts
     D:2: 93 daAuts
